Capitals vs Jets

Created - 22 janvier 2022 at 16:13

Goals
1 2 3 T
Capitals 1 1 4 6
Jets 1 3 1 5
Shots
1 2 3 T
Capitals 10 11 19 40
Jets 14 17 11 42

GoalsPenalties
1st period
1. Jets , Bo Horvat 18 (Connor Brown 21, Ryan Ellis 31) at 6:38
2. Capitals , Sidney Crosby 24 (Alex Ovechkin 16, Adam Larsson 14) at 19:14
Kris Letang (WIN) for Hooking (Minor) at 9:26
2nd period
3. Capitals , Mikko Rantanen 18 (Drew Doughty 21, Josh Manson 22) at 0:31
4. Jets , Aaron Ekblad 13 (Jared McCann 9, Kris Letang 19) at 2:59 (PP)
5. Jets , Connor Brown 12 (Kris Letang 20, Bo Horvat 28) at 7:32 (PP)
6. Jets , Nazem Kadri 5 (Connor Brown 22, Bo Horvat 29) at 9:06
Ivan Barbashev (WAS) for Tripping (Minor) at 1:31
Cody Ceci (WAS) for Hooking (Minor) at 7:02
Austin Watson (WIN) for Roughing (Minor) at 9:28
Alex Ovechkin (WAS) for Hooking (Minor) at 14:55
Nazem Kadri (WIN) for High sticking (Double Minor) at 18:32
Ryan Graves (WIN) for High sticking (Minor) at 18:45
3rd period
7. Capitals , Brayden Point 10 (Drew Doughty 22) at 1:17 (PP)
8. Jets , Tyler Toffoli 17 (Patrice Bergeron 23, Jaden Schwartz 16) at 2:54
9. Capitals , Mikko Rantanen 19 (Alex Ovechkin 17, Cody Ceci 17) at 3:55 (PP)
10. Capitals , Drew Doughty 5 (Brad Richardson 4, Garnet Hathaway 9) at 7:31
11. Capitals , Erik Karlsson 9 (Jay Beagle 3, Brad Richardson 5) at 12:48
Austin Watson (WIN) for Diving (Minor) at 3:31
Austin Watson (WIN) for Slashing (Minor) at 10:17
Ryan Graves (WIN) for Tripping (Minor) at 17:35
Goalie Stats
Darcy Kuemper (WAS), 37 saves from 42 shots - (0,881), W, 16-16-0, 60:00 minutes
Laurent Brossoit (WIN), 34 saves from 40 shots - (0,850), L, 7-6-0, 60:00 minutes
3 StarsOfficial
1 - Drew Doughty (WAS)
2 - Mikko Rantanen (WAS)
3 - Connor Brown (WIN)
Referees : Graham Skiliter and Justin StPierre
Linesman : Tony Sericolo and Jonny Murray
Game Note
No Game Note



Team Name Goals Shots Shots Attemp Shots Blocked PIM HIT PP PK FO%
Capitals 64080176222 / 8 (25%)248%
Jets 542881016212 / 3 (67%)252%

Capitals
Player Name POS G A P +/- PIM HIT SHT SB MP PP MP PP SHT PK MP PK SHT FO% FOT
Adam LarssonD0111021317:090:2301:5700% 0
Alex OvechkinLW/RW0220223021:025:2110:000100% 1
Brad RichardsonC/LW/RW022200109:290:0002:2000% 0
Brandon TanevLW/RW000-1022013:570:0001:3700% 0
Brayden PointC101-1003017:395:4410:00046% 35
Calle JarnkrokC/LW/RW0000000115:315:4400:0000% 0
Cody CeciD0110221219:466:0611:2700% 0
Drew DoughtyD1230035024:314:3612:0000% 0
Erik KarlssonD1011006620:214:5930:3000% 0
Garnet HathawayRW011200008:190:2300:4700% 3
Ivan BarbashevC/LW/RW0000211111:010:0000:50014% 14
Jay BeagleC011201219:540:0002:20071% 14
Josh MansonD0110021226:236:0612:0000% 0
Luke KuninC/RW000003009:470:0000:0000% 0
Mikko RantanenRW2020008121:035:2140:0000% 0
Pavel BuchnevichLW/RW000-1035017:165:2110:0000% 2
Sidney CrosbyC1010011021:035:2100:00059% 32
Trevor van RiemsdykD0000000011:490:0000:0000% 0
Jets
Player Name POS G A P +/- PIM HIT SHT SB MP PP MP PP SHT PK MP PK SHT FO% FOT
Aaron EkbladD1010021123:152:1116:3900% 0
Austin WatsonLW/RW000-163107:400:0001:51150% 2
Bo HorvatC1230004018:142:0811:57045% 22
Connor BrownRW1230006121:282:0815:18050% 2
Gustav ForslingD000-2001219:410:0004:2600% 0
Jaden SchwartzLW0111015115:021:4910:0000% 2
Jared McCannC/LW011-1012013:432:0800:0000% 1
Joonas DonskoiLW/RW000-1003011:350:0000:0000% 1
Kris LetangD022-2241217:502:1100:0000% 0
Kris RussellD0000041016:310:0002:0600% 0
Nazem KadriC/LW1010411015:381:4600:000100% 2
Patrice BergeronC01110010021:131:4926:02062% 34
Riley SheahanC000-1001010:550:0005:03050% 22
Ryan EllisD0111021221:301:4604:2600% 0
Ryan GetzlafC000-1030011:510:0000:00055% 11
Ryan GravesD0001401119:240:0004:3200% 0
Tyler ToffoliLW/RW1011003015:271:4900:0000% 0
Zach SanfordC/LW/RW000-100005:520:0000:00050% 2

Capitals

5 vs 5 Forward
Line #Left WingCenterRight WingPHYDFOFWanted %Time %Time Play
1Alex OvechkinSidney CrosbyMikko Rantanen1223535%15:42
2Brandon TanevBrayden PointPavel Buchnevich1222727%11:55
3Calle JarnkrokIvan BarbashevLuke Kunin1222222%9:47
4Garnet HathawayJay BeagleBrad Richardson1221616%7:09
5 vs 5 Defense
Line #DefenseDefensePHYDFOFWanted %Time %Time Play
1Josh MansonDrew Doughty1223028%12:33
2Erik KarlssonAdam Larsson1223033%14:49
3Trevor van RiemsdykCody Ceci1222427%11:49
4Drew DoughtyJosh Manson1221612%5:22
Power Play Forward
Line #Left WingCenterRight WingPHYDFOFWanted %Time %Time Play
1Alex OvechkinSidney CrosbyMikko Rantanen1225048%5:21
2Calle JarnkrokBrayden PointPavel Buchnevich1225052%5:44
Power Play Defense
Line #DefenseDefensePHYDFOFWanted %Time %Time Play
1Erik KarlssonDrew Doughty1225045%4:59
2Josh MansonCody Ceci1225055%6:06
Penalty Kill 4 Players Forward
Line #CenterWingPHYDFOFWanted %Time %Time Play
1Ivan BarbashevBrandon Tanev1225041%1:37
2Jay BeagleBrad Richardson1225059%2:20
Penalty Kill 4 Players Defense
Line #DefenseDefensePHYDFOFWanted %Time %Time Play
1Cody CeciAdam Larsson1225049%1:57
2Josh MansonDrew Doughty1225051%2:00
Penalty Kill 3 Players
Line #WingPHYDFOFWanted %Time %Time PlayDefenseDefensePHYDFOFWanted %Time %Time Play
1Ivan Barbashev122500%0:00 Cody CeciAdam Larsson122500%0:00
2Jay Beagle122500%0:00 Josh MansonDrew Doughty122500%0:00
4 vs 4 Forward
Line #CenterWingPHYDFOFWanted %Time %Time Play
1Sidney CrosbyAlex Ovechkin122500%0:00
2Brayden PointMikko Rantanen122500%0:00
4 vs 4 Defense
Line #DefensePHYDFOFWanted %Time %Time Play
1Josh MansonDrew Doughty122500%0:00
2Erik KarlssonAdam Larsson122500%0:00
Last Minutes Offensive
Left WingCenterRight WingDefenseDefense
Alex OvechkinSidney CrosbyMikko RantanenErik KarlssonDrew Doughty
Last Minutes Defensive
Left WingCenterRight WingDefenseDefense
Brandon TanevJay BeagleIvan BarbashevJosh MansonCody Ceci
Time
Total ForwardTotal DefenseLast Minutes OffensiveLast Minutes Defensive
60:00 60:00 0:000:25
Extra Forwards
Normal PowerPlayPenalty Kill
Mikko Rantanen, Pavel Buchnevich, Brayden PointPavel Buchnevich, Brayden PointGarnet Hathaway
Extra Defensemen
Normal PowerPlayPenalty Kill
Cody Ceci, Erik Karlsson, Drew DoughtyErik Karlsson, Cody CeciErik Karlsson
Penalty Shots
Mikko Rantanen, Sidney Crosby, Alex Ovechkin, Brayden Point, Pavel Buchnevich
Goalie
Darcy Kuemper, Jake Allen
Custom OT Lines Forwards
Mikko Rantanen, Sidney Crosby, Brayden Point, Alex Ovechkin, Brandon Tanev, Pavel Buchnevich, Luke Kunin, Ivan Barbashev, Calle Jarnkrok, Garnet Hathaway
Custom OT Lines Defensemen
Josh Manson, Drew Doughty, Erik Karlsson, Cody Ceci, Adam Larsson
Scratches
Ben Harpur (Healthy), Daniel Sprong (Healthy)

Jets

5 vs 5 Forward
Line #Left WingCenterRight WingPHYDFOFWanted %Time %Time Play
1Nazem KadriBo HorvatConnor Brown1223031%13:53
2Jaden SchwartzPatrice BergeronTyler Toffoli1222930%13:13
3Jared McCannRyan GetzlafJoonas Donskoi0322626%11:35
4Austin WatsonRiley SheahanZach Sanford1221513%5:52
5 vs 5 Defense
Line #DefenseDefensePHYDFOFWanted %Time %Time Play
1Kris LetangGustav Forsling1223534%15:15
2Ryan EllisRyan Graves1223333%14:53
3Aaron EkbladKris Russell1223232%14:25
4Ryan GravesAaron Ekblad12200%0:00
Power Play Forward
Line #Left WingCenterRight WingPHYDFOFWanted %Time %Time Play
1Jaden SchwartzPatrice BergeronTyler Toffoli1135046%1:49
2Jared McCannBo HorvatConnor Brown1135054%2:08
Power Play Defense
Line #DefenseDefensePHYDFOFWanted %Time %Time Play
1Kris LetangAaron Ekblad0145055%2:11
2Nazem KadriRyan Ellis0145045%1:46
Penalty Kill 4 Players Forward
Line #CenterWingPHYDFOFWanted %Time %Time Play
1Patrice BergeronConnor Brown0505058%5:18
2Riley SheahanAustin Watson0505042%3:48
Penalty Kill 4 Players Defense
Line #DefenseDefensePHYDFOFWanted %Time %Time Play
1Aaron EkbladRyan Graves1405066%6:01
2Ryan EllisGustav Forsling1405034%3:05
Penalty Kill 3 Players
Line #WingPHYDFOFWanted %Time %Time PlayDefenseDefensePHYDFOFWanted %Time %Time Play
1Riley Sheahan0505063%1:15 Aaron EkbladRyan Graves1405032%0:38
2Patrice Bergeron0505037%0:44 Ryan EllisGustav Forsling1405068%1:21
4 vs 4 Forward
Line #CenterWingPHYDFOFWanted %Time %Time Play
1Bo HorvatNazem Kadri023500%0:00
2Patrice BergeronJared McCann023500%0:00
4 vs 4 Defense
Line #DefensePHYDFOFWanted %Time %Time Play
1Gustav ForslingKris Letang023500%0:00
2Aaron EkbladRyan Ellis023500%0:00
Last Minutes Offensive
Left WingCenterRight WingDefenseDefense
Tyler ToffoliPatrice BergeronConnor BrownKris LetangRyan Ellis
Last Minutes Defensive
Left WingCenterRight WingDefenseDefense
Austin WatsonPatrice BergeronConnor BrownRyan EllisRyan Graves
Time
Total ForwardTotal DefenseLast Minutes OffensiveLast Minutes Defensive
60:00 60:00 0:250:00
Extra Forwards
Normal PowerPlayPenalty Kill
Patrice Bergeron, Bo Horvat, Ryan GetzlafJared McCann, Joonas DonskoiBo Horvat
Extra Defensemen
Normal PowerPlayPenalty Kill
Kris Letang, Aaron Ekblad, Ryan EllisRyan Graves, Kris RussellRyan Ellis
Penalty Shots
Jared McCann, Tyler Toffoli, Patrice Bergeron, Jaden Schwartz, Bo Horvat
Goalie
Laurent Brossoit, Semyon Varlamov
Custom OT Lines Forwards
Bo Horvat, Tyler Toffoli, Patrice Bergeron, Jaden Schwartz, Nazem Kadri, Connor Brown, Jared McCann, Joonas Donskoi, Ryan Getzlaf, Zach Sanford
Custom OT Lines Defensemen
Kris Russell, Ryan Ellis, Gustav Forsling, Aaron Ekblad, Ryan Graves
Scratches
Alexander Steen (Healthy), Tobias Rieder (Healthy), Connor Clifton (Healthy)


Play-by-Play

1st period


0:01 of 1st period - Sidney Crosby wins face-off versus Bo Horvat in neutral zone.
0:06 of 1st period - Icing by Nazem Kadri.
0:07 of 1st period - Bo Horvat wins face-off versus Brayden Point in Jets zone.
0:20 of 1st period - Shot by Brandon Tanev.
0:20 of 1st period - Stopped by Laurent Brossoit without a rebound.
0:21 of 1st period - Patrice Bergeron wins face-off versus Ivan Barbashev in Jets zone.
0:21 of 1st period - Patrice Bergeron is hit by Luke Kunin.
0:31 of 1st period - Shot by Patrice Bergeron.
0:31 of 1st period - Stopped by Darcy Kuemper without a rebound.
0:32 of 1st period - Jay Beagle wins face-off versus Ryan Getzlaf in Capitals zone.
0:43 of 1st period - Jay Beagle is hit by Ryan Getzlaf and loses puck.
0:58 of 1st period - Shot by Jared McCann.
0:58 of 1st period - Stopped by Darcy Kuemper without a rebound.
0:59 of 1st period - Sidney Crosby wins face-off versus Riley Sheahan in Capitals zone.
1:26 of 1st period - Shot by Alex Ovechkin.
1:26 of 1st period - Shot Misses the Net.
1:29 of 1st period - Icing by Ryan Ellis.
1:30 of 1st period - Brayden Point wins face-off versus Riley Sheahan in Jets zone.
1:37 of 1st period - Shot by Brayden Point.
1:37 of 1st period - Stopped by Laurent Brossoit without a rebound.
1:38 of 1st period - Patrice Bergeron wins face-off versus Ivan Barbashev in Jets zone.
1:50 of 1st period - Patrice Bergeron is hit by Josh Manson and loses puck.
1:57 of 1st period - Shot by Gustav Forsling.
1:57 of 1st period - Shot Misses the Net.
1:59 of 1st period - Shot by Jaden Schwartz.
1:59 of 1st period - Stopped by Darcy Kuemper with a rebound.
2:01 of 1st period - Shot by Kris Letang.
2:01 of 1st period - Shot Misses the Net.
2:05 of 1st period - Shot by Jaden Schwartz.
2:05 of 1st period - Shot Misses the Net.
2:07 of 1st period - Shot by Patrice Bergeron.
2:07 of 1st period - Shot Misses the Net.
2:09 of 1st period - Shot by Jaden Schwartz.
2:09 of 1st period - Stopped by Darcy Kuemper with a rebound.
3:37 of 1st period - Icing by Cody Ceci.
3:38 of 1st period - Sidney Crosby wins face-off versus Joonas Donskoi in Capitals zone.
3:40 of 1st period - Cody Ceci is hit by Jared McCann and loses puck.
4:50 of 1st period - Patrice Bergeron is hit by Adam Larsson and loses puck.
4:55 of 1st period - Shot by Patrice Bergeron.
4:55 of 1st period - Stopped by Darcy Kuemper without a rebound.
4:56 of 1st period - Riley Sheahan wins face-off versus Garnet Hathaway in Capitals zone.
5:24 of 1st period - Icing by Adam Larsson.
5:25 of 1st period - Jay Beagle wins face-off versus Patrice Bergeron in Capitals zone.
5:41 of 1st period - Shot by Tyler Toffoli.
5:41 of 1st period - Stopped by Darcy Kuemper without a rebound.
5:42 of 1st period - Brayden Point wins face-off versus Bo Horvat in Capitals zone.
5:55 of 1st period - Shot by Connor Brown.
5:55 of 1st period - Stopped by Darcy Kuemper with a rebound.
6:05 of 1st period - Icing by Ryan Ellis.
6:06 of 1st period - Bo Horvat wins face-off versus Sidney Crosby in Jets zone.
6:08 of 1st period - Icing by Ryan Ellis.
6:09 of 1st period - Nazem Kadri wins face-off versus Sidney Crosby in Jets zone.
6:18 of 1st period - Shot by Ryan Ellis.
6:18 of 1st period - Shot Blocked by Josh Manson.
6:36 of 1st period - Shot by Connor Brown.
6:36 of 1st period - Shot Blocked by Josh Manson.
6:38 of 1st period - Shot by Bo Horvat.
6:38 of 1st period - Goal by Bo Horvat - Capitals : 0 - Jets : 1.
6:39 of 1st period - Patrice Bergeron wins face-off versus Brayden Point in neutral zone.
6:58 of 1st period - Shot by Jaden Schwartz.
6:58 of 1st period - Shot Blocked by Cody Ceci.
7:00 of 1st period - Shot by Patrice Bergeron.
7:00 of 1st period - Shot Misses the Net.
7:02 of 1st period - Shot by Kris Letang.
7:02 of 1st period - Shot Misses the Net.
7:04 of 1st period - Shot by Tyler Toffoli.
7:04 of 1st period - Stopped by Darcy Kuemper with a rebound.
7:06 of 1st period - Shot by Tyler Toffoli.
7:06 of 1st period - Shot Misses the Net.
7:08 of 1st period - Shot by Tyler Toffoli.
7:08 of 1st period - Shot Misses the Net.
7:10 of 1st period - Shot by Gustav Forsling.
7:10 of 1st period - Stopped by Darcy Kuemper with a rebound.
7:12 of 1st period - Shot by Patrice Bergeron.
7:12 of 1st period - Stopped by Darcy Kuemper without a rebound.
7:13 of 1st period - Sidney Crosby wins face-off versus Ryan Getzlaf in Capitals zone.
7:18 of 1st period - Alex Ovechkin is hit by Ryan Getzlaf and loses puck.
7:32 of 1st period - Sidney Crosby is hit by Aaron Ekblad.
7:45 of 1st period - Shot by Sidney Crosby.
7:45 of 1st period - Shot Misses the Net.
7:47 of 1st period - Shot by Sidney Crosby.
7:47 of 1st period - Shot Misses the Net.
7:55 of 1st period - Shot by Mikko Rantanen.
7:55 of 1st period - Stopped by Laurent Brossoit without a rebound.
7:56 of 1st period - Patrice Bergeron wins face-off versus Brayden Point in Jets zone.
8:03 of 1st period - Shot by Jaden Schwartz.
8:03 of 1st period - Shot Blocked by Erik Karlsson.
8:13 of 1st period - Shot by Patrice Bergeron.
8:13 of 1st period - Stopped by Darcy Kuemper without a rebound.
8:14 of 1st period - Jay Beagle wins face-off versus Riley Sheahan in Capitals zone.
8:35 of 1st period - Shot by Zach Sanford.
8:35 of 1st period - Shot Blocked by Jay Beagle.
8:47 of 1st period - Shot by Riley Sheahan.
8:47 of 1st period - Stopped by Darcy Kuemper without a rebound.
8:48 of 1st period - Bo Horvat wins face-off versus Brayden Point in Capitals zone.
8:52 of 1st period - Icing by Drew Doughty.
8:53 of 1st period - Bo Horvat wins face-off versus Brayden Point in Capitals zone.
9:20 of 1st period - Brandon Tanev is hit by Kris Letang and loses puck.
9:26 of 1st period - Minor Penalty to Kris Letang for Hooking.
9:27 of 1st period - Riley Sheahan wins face-off versus Sidney Crosby in Jets zone.
10:37 of 1st period - Shot by Pavel Buchnevich.
10:37 of 1st period - Stopped by Laurent Brossoit without a rebound.
10:38 of 1st period - Brayden Point wins face-off versus Riley Sheahan in Jets zone.
10:52 of 1st period - Icing by Cody Ceci.
10:53 of 1st period - Patrice Bergeron wins face-off versus Brayden Point in Capitals zone.
11:36 of 1st period - Off-side.
11:37 of 1st period - Sidney Crosby wins face-off versus Riley Sheahan in neutral zone.
11:40 of 1st period - Shot by Alex Ovechkin.
11:40 of 1st period - Shot Blocked by Gustav Forsling.
12:51 of 1st period - Shot by Drew Doughty.
12:51 of 1st period - Stopped by Laurent Brossoit without a rebound.
12:52 of 1st period - Ivan Barbashev wins face-off versus Ryan Getzlaf in Jets zone.
12:59 of 1st period - Shot by Calle Jarnkrok.
12:59 of 1st period - Shot Blocked by Ryan Ellis.
13:14 of 1st period - Jared McCann is hit by Luke Kunin and loses puck.
15:13 of 1st period - Shot by Mikko Rantanen.
15:13 of 1st period - Shot Misses the Net.
15:15 of 1st period - Shot by Adam Larsson.
15:15 of 1st period - Stopped by Laurent Brossoit without a rebound.
15:16 of 1st period - Nazem Kadri wins face-off versus Ivan Barbashev in Jets zone.
15:16 of 1st period - Nazem Kadri is hit by Ivan Barbashev.
15:38 of 1st period - Shot by Ivan Barbashev.
15:38 of 1st period - Stopped by Laurent Brossoit without a rebound.
15:39 of 1st period - Jay Beagle wins face-off versus Patrice Bergeron in Jets zone.
16:24 of 1st period - Shot by Patrice Bergeron.
16:24 of 1st period - Shot Misses the Net.
16:45 of 1st period - Shot by Bo Horvat.
16:45 of 1st period - Shot Misses the Net.
17:27 of 1st period - Icing by Josh Manson.
17:28 of 1st period - Jay Beagle wins face-off versus Riley Sheahan in Capitals zone.
17:28 of 1st period - Jay Beagle is hit by Austin Watson.
17:35 of 1st period - Icing by Ryan Graves.
17:36 of 1st period - Sidney Crosby wins face-off versus Zach Sanford in Jets zone.
17:36 of 1st period - Adam Larsson is hit by Ryan Ellis and loses puck.
18:12 of 1st period - Shot by Alex Ovechkin.
18:12 of 1st period - Stopped by Laurent Brossoit without a rebound.
18:13 of 1st period - Brayden Point wins face-off versus Jaden Schwartz in Jets zone.
18:13 of 1st period - Brayden Point is hit by Kris Russell.
18:17 of 1st period - Shot by Pavel Buchnevich.
18:17 of 1st period - Stopped by Laurent Brossoit without a rebound.
18:18 of 1st period - Patrice Bergeron wins face-off versus Brayden Point in Jets zone.
18:18 of 1st period - Patrice Bergeron is hit by Pavel Buchnevich.
18:21 of 1st period - Icing by Aaron Ekblad.
18:22 of 1st period - Brayden Point wins face-off versus Jaden Schwartz in Jets zone.
18:42 of 1st period - Shot by Jaden Schwartz.
18:42 of 1st period - Stopped by Darcy Kuemper without a rebound.
18:43 of 1st period - Alex Ovechkin wins face-off versus Bo Horvat in Capitals zone.
19:12 of 1st period - Shot by Alex Ovechkin.
19:12 of 1st period - Deflect By Sidney Crosby.
19:12 of 1st period - Shot Blocked by Gustav Forsling.
19:14 of 1st period - Shot by Sidney Crosby.
19:14 of 1st period - Goal by Sidney Crosby - Capitals : 1 - Jets : 1.
19:15 of 1st period - Brayden Point wins face-off versus Patrice Bergeron in neutral zone.
19:27 of 1st period - Patrice Bergeron is hit by Pavel Buchnevich and loses puck.
19:40 of 1st period - Pavel Buchnevich is hit by Kris Russell and loses puck.
19:48 of 1st period - Aaron Ekblad is hit by Drew Doughty and loses puck.
Goals for this period are 1 for Capitals vs 1 for Jets.
Shots for this period are 10 for Capitals vs 14 for Jets.

2nd period


0:01 of 2nd period - Sidney Crosby wins face-off versus Bo Horvat in neutral zone.
0:31 of 2nd period - Shot by Mikko Rantanen.
0:31 of 2nd period - Goal by Mikko Rantanen - Capitals : 2 - Jets : 1.
0:32 of 2nd period - Ryan Getzlaf wins face-off versus Ivan Barbashev in neutral zone.
0:34 of 2nd period - Gustav Forsling is hit by Adam Larsson and loses puck.
1:09 of 2nd period - Calle Jarnkrok is hit by Ryan Getzlaf and loses puck.
1:31 of 2nd period - Minor Penalty to Ivan Barbashev for Tripping.
1:32 of 2nd period - Jay Beagle wins face-off versus Patrice Bergeron in Capitals zone.
1:43 of 2nd period - Josh Manson is hit by Jaden Schwartz and loses puck.
1:57 of 2nd period - Ryan Ellis is hit by Brandon Tanev and loses puck.
2:08 of 2nd period - Off-side.
2:09 of 2nd period - Jay Beagle wins face-off versus Jared McCann in neutral zone.
2:32 of 2nd period - Shot by Bo Horvat.
2:32 of 2nd period - Stopped by Darcy Kuemper without a rebound.
2:33 of 2nd period - Patrice Bergeron wins face-off versus Garnet Hathaway in Capitals zone.
2:43 of 2nd period - Off-side.
2:44 of 2nd period - Bo Horvat wins face-off versus Garnet Hathaway in neutral zone.
2:57 of 2nd period - Shot by Jared McCann.
2:57 of 2nd period - Shot Misses the Net.
2:59 of 2nd period - Shot by Aaron Ekblad.
2:59 of 2nd period - Goal by Aaron Ekblad - Capitals : 2 - Jets : 2.
3:00 of 2nd period - Sidney Crosby wins face-off versus Patrice Bergeron in neutral zone.
3:08 of 2nd period - Shot by Tyler Toffoli.
3:08 of 2nd period - Shot Misses the Net.
3:10 of 2nd period - Shot by Ryan Graves.
3:10 of 2nd period - Stopped by Darcy Kuemper without a rebound.
3:11 of 2nd period - Brayden Point wins face-off versus Bo Horvat in Capitals zone.
3:43 of 2nd period - Icing by Josh Manson.
3:44 of 2nd period - Brayden Point wins face-off versus Patrice Bergeron in Capitals zone.
4:01 of 2nd period - Shot by Patrice Bergeron.
4:01 of 2nd period - Stopped by Darcy Kuemper without a rebound.
4:02 of 2nd period - Ryan Getzlaf wins face-off versus Sidney Crosby in Capitals zone.
4:11 of 2nd period - Shot by Sidney Crosby.
4:11 of 2nd period - Shot Misses the Net.
4:20 of 2nd period - Sidney Crosby is hit by Kris Letang.
4:24 of 2nd period - Shot by Alex Ovechkin.
4:24 of 2nd period - Stopped by Laurent Brossoit without a rebound.
4:25 of 2nd period - Patrice Bergeron wins face-off versus Ivan Barbashev in Jets zone.
5:08 of 2nd period - Shot by Patrice Bergeron.
5:08 of 2nd period - Shot Blocked by Erik Karlsson.
5:10 of 2nd period - Shot by Patrice Bergeron.
5:10 of 2nd period - Shot Misses the Net.
5:42 of 2nd period - Shot by Sidney Crosby.
5:42 of 2nd period - Shot Misses the Net.
5:56 of 2nd period - Shot by Bo Horvat.
5:56 of 2nd period - Stopped by Darcy Kuemper without a rebound.
5:57 of 2nd period - Brayden Point wins face-off versus Ryan Getzlaf in Capitals zone.
6:06 of 2nd period - Shot by Brayden Point.
6:06 of 2nd period - Deflect By Pavel Buchnevich.
6:06 of 2nd period - Shot Misses the Net.
6:23 of 2nd period - Shot by Pavel Buchnevich.
6:23 of 2nd period - Stopped by Laurent Brossoit without a rebound.
6:24 of 2nd period - Patrice Bergeron wins face-off versus Sidney Crosby in Jets zone.
6:24 of 2nd period - Patrice Bergeron is hit by Sidney Crosby.
6:48 of 2nd period - Shot by Jaden Schwartz.
6:48 of 2nd period - Shot Misses the Net.
6:50 of 2nd period - Shot by Patrice Bergeron.
6:50 of 2nd period - Stopped by Darcy Kuemper without a rebound.
6:51 of 2nd period - Bo Horvat wins face-off versus Brayden Point in Capitals zone.
7:02 of 2nd period - Shot by Bo Horvat.
7:02 of 2nd period - Stopped by Darcy Kuemper without a rebound.
7:02 of 2nd period - Minor Penalty to Cody Ceci for Hooking.
7:03 of 2nd period - Bo Horvat wins face-off versus Jay Beagle in Capitals zone.
7:20 of 2nd period - Shot by Kris Letang.
7:20 of 2nd period - Shot Blocked by Adam Larsson.
7:32 of 2nd period - Shot by Connor Brown.
7:32 of 2nd period - Goal by Connor Brown - Capitals : 2 - Jets : 3.
7:33 of 2nd period - Patrice Bergeron wins face-off versus Sidney Crosby in neutral zone.
7:33 of 2nd period - Patrice Bergeron is hit by Alex Ovechkin.
8:00 of 2nd period - Icing by Ryan Ellis.
8:01 of 2nd period - Brayden Point wins face-off versus Patrice Bergeron in Jets zone.
8:58 of 2nd period - Shot by Bo Horvat.
8:58 of 2nd period - Shot Blocked by Erik Karlsson.
9:00 of 2nd period - Shot by Kris Russell.
9:00 of 2nd period - Shot Misses the Net.
9:02 of 2nd period - Shot by Bo Horvat.
9:02 of 2nd period - Shot Misses the Net.
9:06 of 2nd period - Shot by Nazem Kadri.
9:06 of 2nd period - Goal by Nazem Kadri - Capitals : 2 - Jets : 4.
9:07 of 2nd period - Ryan Getzlaf wins face-off versus Sidney Crosby in neutral zone.
9:27 of 2nd period - Shot by Joonas Donskoi.
9:27 of 2nd period - Stopped by Darcy Kuemper without a rebound.
9:28 of 2nd period - Ivan Barbashev wins face-off versus Riley Sheahan in Capitals zone.
9:28 of 2nd period - Minor Penalty to Austin Watson for Roughing.
9:29 of 2nd period - Sidney Crosby wins face-off versus Bo Horvat in Jets zone.
9:32 of 2nd period - Shot by Alex Ovechkin.
9:32 of 2nd period - Shot Misses the Net.
9:34 of 2nd period - Shot by Cody Ceci.
9:34 of 2nd period - Stopped by Laurent Brossoit without a rebound.
9:35 of 2nd period - Bo Horvat wins face-off versus Sidney Crosby in Jets zone.
9:52 of 2nd period - Shot by Alex Ovechkin.
9:52 of 2nd period - Shot Blocked by Aaron Ekblad.
9:56 of 2nd period - Shot by Mikko Rantanen.
9:56 of 2nd period - Stopped by Laurent Brossoit without a rebound.
9:57 of 2nd period - Riley Sheahan wins face-off versus Brayden Point in Jets zone.
10:12 of 2nd period - Shot by Drew Doughty.
10:12 of 2nd period - Shot Blocked by Ryan Ellis.
10:52 of 2nd period - Icing by Mikko Rantanen.
10:53 of 2nd period - Sidney Crosby wins face-off versus Patrice Bergeron in Capitals zone.
10:55 of 2nd period - Mikko Rantanen is hit by Aaron Ekblad and loses puck.
11:08 of 2nd period - Shot by Mikko Rantanen.
11:08 of 2nd period - Shot Misses the Net.
11:10 of 2nd period - Shot by Josh Manson.
11:10 of 2nd period - Stopped by Laurent Brossoit without a rebound.
11:11 of 2nd period - Sidney Crosby wins face-off versus Riley Sheahan in Jets zone.
11:20 of 2nd period - Shot by Mikko Rantanen.
11:20 of 2nd period - Stopped by Laurent Brossoit without a rebound.
11:21 of 2nd period - Riley Sheahan wins face-off versus Brayden Point in Jets zone.
12:07 of 2nd period - Aaron Ekblad is hit by Cody Ceci and loses puck.
12:27 of 2nd period - Bo Horvat is hit by Drew Doughty and loses puck.
12:38 of 2nd period - Shot by Mikko Rantanen.
12:38 of 2nd period - Shot Misses the Net.
13:06 of 2nd period - Shot by Mikko Rantanen.
13:06 of 2nd period - Stopped by Laurent Brossoit with a rebound.
13:08 of 2nd period - Shot by Drew Doughty.
13:08 of 2nd period - Stopped by Laurent Brossoit without a rebound.
13:09 of 2nd period - Patrice Bergeron wins face-off versus Ivan Barbashev in Jets zone.
13:24 of 2nd period - Shot by Tyler Toffoli.
13:24 of 2nd period - Shot Blocked by Erik Karlsson.
13:26 of 2nd period - Shot by Patrice Bergeron.
13:26 of 2nd period - Shot Blocked by Erik Karlsson.
13:28 of 2nd period - Shot by Ryan Ellis.
13:28 of 2nd period - Shot Misses the Net.
14:32 of 2nd period - Shot by Joonas Donskoi.
14:32 of 2nd period - Stopped by Darcy Kuemper without a rebound.
14:33 of 2nd period - Sidney Crosby wins face-off versus Bo Horvat in Capitals zone.
14:42 of 2nd period - Alex Ovechkin is hit by Kris Letang.
14:52 of 2nd period - Shot by Sidney Crosby.
14:52 of 2nd period - Shot Blocked by Connor Brown.
14:55 of 2nd period - Minor Penalty to Alex Ovechkin for Hooking.
14:56 of 2nd period - Patrice Bergeron wins face-off versus Jay Beagle in Capitals zone.
15:25 of 2nd period - Shot by Jaden Schwartz.
15:25 of 2nd period - Stopped by Darcy Kuemper without a rebound.
15:26 of 2nd period - Bo Horvat wins face-off versus Ivan Barbashev in Capitals zone.
15:53 of 2nd period - Shot by Nazem Kadri.
15:53 of 2nd period - Shot Blocked by Adam Larsson.
16:29 of 2nd period - Shot by Patrice Bergeron.
16:29 of 2nd period - Stopped by Darcy Kuemper without a rebound.
16:30 of 2nd period - Jay Beagle wins face-off versus Patrice Bergeron in Capitals zone.
16:36 of 2nd period - Icing by Patrice Bergeron.
16:37 of 2nd period - Patrice Bergeron wins face-off versus Jay Beagle in Jets zone.
16:45 of 2nd period - Shot by Tyler Toffoli.
16:45 of 2nd period - Shot Misses the Net.
16:49 of 2nd period - Shot by Patrice Bergeron.
16:49 of 2nd period - Stopped by Darcy Kuemper with a rebound.
16:53 of 2nd period - Shot by Patrice Bergeron.
16:53 of 2nd period - Shot Blocked by Cody Ceci.
17:03 of 2nd period - Shot by Sidney Crosby.
17:03 of 2nd period - Shot Blocked by Kris Letang.
17:06 of 2nd period - Icing by Kris Letang.
17:07 of 2nd period - Zach Sanford wins face-off versus Brayden Point in Jets zone.
17:07 of 2nd period - Zach Sanford is hit by Pavel Buchnevich.
17:17 of 2nd period - Shot by Kris Letang.
17:17 of 2nd period - Stopped by Darcy Kuemper without a rebound.
17:18 of 2nd period - Sidney Crosby wins face-off versus Bo Horvat in Capitals zone.
17:18 of 2nd period - Sidney Crosby is hit by Nazem Kadri.
17:36 of 2nd period - Shot by Bo Horvat.
17:36 of 2nd period - Shot Misses the Net.
17:38 of 2nd period - Shot by Kris Russell.
17:38 of 2nd period - Shot Misses the Net.
17:40 of 2nd period - Shot by Kris Russell.
17:40 of 2nd period - Stopped by Darcy Kuemper without a rebound.
17:41 of 2nd period - Ryan Getzlaf wins face-off versus Pavel Buchnevich in Capitals zone.
17:56 of 2nd period - Shot by Joonas Donskoi.
17:56 of 2nd period - Stopped by Darcy Kuemper without a rebound.
17:57 of 2nd period - Sidney Crosby wins face-off versus Bo Horvat in Capitals zone.
18:32 of 2nd period - Double Minor Penalty to Nazem Kadri for High sticking.
18:33 of 2nd period - Austin Watson wins face-off versus Brayden Point in Jets zone.
18:44 of 2nd period - Shot by Drew Doughty.
18:44 of 2nd period - Shot Misses the Net.
18:45 of 2nd period - Minor Penalty to Ryan Graves for High sticking.
18:46 of 2nd period - Brayden Point wins face-off versus Patrice Bergeron in Jets zone.
18:47 of 2nd period - Shot by Erik Karlsson.
18:47 of 2nd period - Shot Misses the Net.
19:17 of 2nd period - Shot by Erik Karlsson.
19:17 of 2nd period - Stopped by Laurent Brossoit without a rebound.
19:18 of 2nd period - Sidney Crosby wins face-off versus Riley Sheahan in Jets zone.
19:18 of 2nd period - Josh Manson is hit by Kris Russell and loses puck.
19:21 of 2nd period - Shot by Josh Manson.
19:21 of 2nd period - Shot Hit the Post.
19:45 of 2nd period - Shot by Alex Ovechkin.
19:45 of 2nd period - Stopped by Laurent Brossoit without a rebound.
19:46 of 2nd period - Riley Sheahan wins face-off versus Brayden Point in Jets zone.
Goals for this period are 1 for Capitals vs 3 for Jets.
Shots for this period are 11 for Capitals vs 17 for Jets.

3rd period


0:01 of 3rd period - Riley Sheahan wins face-off versus Sidney Crosby in neutral zone.
0:15 of 3rd period - Shot by Mikko Rantanen.
0:15 of 3rd period - Shot Misses the Net.
0:31 of 3rd period - Shot by Alex Ovechkin.
0:31 of 3rd period - Deflect By Mikko Rantanen.
0:31 of 3rd period - Shot Misses the Net.
0:33 of 3rd period - Shot by Josh Manson.
0:33 of 3rd period - Shot Misses the Net.
0:35 of 3rd period - Shot by Josh Manson.
0:35 of 3rd period - Shot Misses the Net.
0:56 of 3rd period - Icing by Calle Jarnkrok.
0:57 of 3rd period - Patrice Bergeron wins face-off versus Brayden Point in Capitals zone.
1:17 of 3rd period - Shot by Brayden Point.
1:17 of 3rd period - Goal by Brayden Point - Capitals : 3 - Jets : 4.
1:18 of 3rd period - Jay Beagle wins face-off versus Ryan Getzlaf in neutral zone.
2:11 of 3rd period - Erik Karlsson is hit by Kris Russell and loses puck.
2:22 of 3rd period - Icing by Patrice Bergeron.
2:23 of 3rd period - Patrice Bergeron wins face-off versus Sidney Crosby in Jets zone.
2:36 of 3rd period - Shot by Patrice Bergeron.
2:36 of 3rd period - Stopped by Darcy Kuemper with a rebound.
2:38 of 3rd period - Shot by Patrice Bergeron.
2:38 of 3rd period - Shot Misses the Net.
2:50 of 3rd period - Shot by Tyler Toffoli.
2:50 of 3rd period - Shot Blocked by Mikko Rantanen.
2:52 of 3rd period - Shot by Patrice Bergeron.
2:52 of 3rd period - Shot Misses the Net.
2:54 of 3rd period - Shot by Tyler Toffoli.
2:54 of 3rd period - Goal by Tyler Toffoli - Capitals : 3 - Jets : 5.
2:55 of 3rd period - Brayden Point wins face-off versus Bo Horvat in neutral zone.
3:19 of 3rd period - Shot by Pavel Buchnevich.
3:19 of 3rd period - Stopped by Laurent Brossoit without a rebound.
3:20 of 3rd period - Riley Sheahan wins face-off versus Ivan Barbashev in Jets zone.
3:25 of 3rd period - Luke Kunin is hit by Austin Watson and loses puck.
3:31 of 3rd period - Minor Penalty to Austin Watson for Diving.
3:32 of 3rd period - Sidney Crosby wins face-off versus Riley Sheahan in Jets zone.
3:55 of 3rd period - Shot by Mikko Rantanen.
3:55 of 3rd period - Goal by Mikko Rantanen - Capitals : 4 - Jets : 5.
3:56 of 3rd period - Patrice Bergeron wins face-off versus Ivan Barbashev in neutral zone.
4:12 of 3rd period - Shot by Patrice Bergeron.
4:12 of 3rd period - Deflect By Tyler Toffoli.
4:12 of 3rd period - Shot Misses the Net.
4:14 of 3rd period - Shot by Patrice Bergeron.
4:14 of 3rd period - Stopped by Darcy Kuemper without a rebound.
4:15 of 3rd period - Sidney Crosby wins face-off versus Bo Horvat in Capitals zone.
4:20 of 3rd period - Shot by Mikko Rantanen.
4:20 of 3rd period - Shot Misses the Net.
4:26 of 3rd period - Shot by Mikko Rantanen.
4:26 of 3rd period - Shot Misses the Net.
4:32 of 3rd period - Shot by Connor Brown.
4:32 of 3rd period - Stopped by Darcy Kuemper without a rebound.
4:33 of 3rd period - Patrice Bergeron wins face-off versus Brayden Point in Capitals zone.
4:33 of 3rd period - Aaron Ekblad is hit by Cody Ceci and loses puck.
4:46 of 3rd period - Shot by Brandon Tanev.
4:46 of 3rd period - Shot Blocked by Jaden Schwartz.
6:16 of 3rd period - Shot by Mikko Rantanen.
6:16 of 3rd period - Stopped by Laurent Brossoit without a rebound.
6:17 of 3rd period - Ryan Getzlaf wins face-off versus Ivan Barbashev in Jets zone.
6:17 of 3rd period - Ryan Ellis is hit by Luke Kunin and loses puck.
7:18 of 3rd period - Riley Sheahan is hit by Jay Beagle and loses puck.
7:25 of 3rd period - Shot by Jay Beagle.
7:25 of 3rd period - Shot Misses the Net.
7:27 of 3rd period - Shot by Garnet Hathaway.
7:27 of 3rd period - Shot Misses the Net.
7:29 of 3rd period - Shot by Brad Richardson.
7:29 of 3rd period - Stopped by Laurent Brossoit with a rebound.
7:31 of 3rd period - Shot by Drew Doughty.
7:31 of 3rd period - Goal by Drew Doughty - Capitals : 5 - Jets : 5.
7:32 of 3rd period - Sidney Crosby wins face-off versus Patrice Bergeron in neutral zone.
7:45 of 3rd period - Shot by Sidney Crosby.
7:45 of 3rd period - Shot Misses the Net.
8:15 of 3rd period - Shot by Tyler Toffoli.
8:15 of 3rd period - Shot Misses the Net.
8:41 of 3rd period - Shot by Connor Brown.
8:41 of 3rd period - Shot Misses the Net.
8:43 of 3rd period - Shot by Connor Brown.
8:43 of 3rd period - Shot Misses the Net.
8:57 of 3rd period - Shot by Connor Brown.
8:57 of 3rd period - Stopped by Darcy Kuemper without a rebound.
8:58 of 3rd period - Ryan Getzlaf wins face-off versus Brayden Point in Capitals zone.
9:48 of 3rd period - Icing by Josh Manson.
9:49 of 3rd period - Riley Sheahan wins face-off versus Brayden Point in Capitals zone.
10:16 of 3rd period - Erik Karlsson is hit by Austin Watson and loses puck.
10:17 of 3rd period - Minor Penalty to Austin Watson for Slashing.
10:18 of 3rd period - Patrice Bergeron wins face-off versus Sidney Crosby in Jets zone.
10:18 of 3rd period - Patrice Bergeron is hit by Alex Ovechkin.
10:40 of 3rd period - Shot by Erik Karlsson.
10:40 of 3rd period - Stopped by Laurent Brossoit without a rebound.
10:41 of 3rd period - Riley Sheahan wins face-off versus Brayden Point in Jets zone.
11:43 of 3rd period - Shot by Mikko Rantanen.
11:43 of 3rd period - Shot Misses the Net.
11:45 of 3rd period - Shot by Alex Ovechkin.
11:45 of 3rd period - Deflect By Sidney Crosby.
11:45 of 3rd period - Shot Blocked by Ryan Graves.
11:47 of 3rd period - Shot by Mikko Rantanen.
11:47 of 3rd period - Stopped by Laurent Brossoit with a rebound.
12:46 of 3rd period - Shot by Jay Beagle.
12:46 of 3rd period - Stopped by Laurent Brossoit with a rebound.
12:48 of 3rd period - Shot by Erik Karlsson.
12:48 of 3rd period - Goal by Erik Karlsson - Capitals : 6 - Jets : 5.
12:49 of 3rd period - Riley Sheahan wins face-off versus Ivan Barbashev in neutral zone.
13:21 of 3rd period - Shot by Luke Kunin.
13:21 of 3rd period - Shot Misses the Net.
13:57 of 3rd period - Shot by Joonas Donskoi.
13:57 of 3rd period - Shot Misses the Net.
14:04 of 3rd period - Jared McCann is hit by Drew Doughty and loses puck.
14:15 of 3rd period - Shot by Joonas Donskoi.
14:15 of 3rd period - Deflect By Jared McCann.
14:15 of 3rd period - Stopped by Darcy Kuemper without a rebound.
14:16 of 3rd period - Brayden Point wins face-off versus Bo Horvat in Capitals zone.
14:23 of 3rd period - Shot by Brayden Point.
14:23 of 3rd period - Stopped by Laurent Brossoit without a rebound.
14:24 of 3rd period - Brayden Point wins face-off versus Connor Brown in Jets zone.
14:31 of 3rd period - Shot by Bo Horvat.
14:31 of 3rd period - Shot Blocked by Erik Karlsson.
14:45 of 3rd period - Shot by Erik Karlsson.
14:45 of 3rd period - Stopped by Laurent Brossoit with a rebound.
14:47 of 3rd period - Shot by Brayden Point.
14:47 of 3rd period - Shot Misses the Net.
14:49 of 3rd period - Shot by Erik Karlsson.
14:49 of 3rd period - Stopped by Laurent Brossoit without a rebound.
14:50 of 3rd period - Patrice Bergeron wins face-off versus Sidney Crosby in Jets zone.
14:59 of 3rd period - Shot by Patrice Bergeron.
14:59 of 3rd period - Shot Misses the Net.
15:07 of 3rd period - Shot by Jaden Schwartz.
15:07 of 3rd period - Deflect By Tyler Toffoli.
15:07 of 3rd period - Shot Misses the Net.
15:09 of 3rd period - Shot by Ryan Ellis.
15:09 of 3rd period - Stopped by Darcy Kuemper without a rebound.
15:10 of 3rd period - Connor Brown wins face-off versus Brayden Point in Capitals zone.
15:25 of 3rd period - Nazem Kadri is hit by Brandon Tanev and loses puck.
15:36 of 3rd period - Shot by Pavel Buchnevich.
15:36 of 3rd period - Stopped by Laurent Brossoit without a rebound.
15:37 of 3rd period - Patrice Bergeron wins face-off versus Sidney Crosby in Jets zone.
15:42 of 3rd period - Shot by Jaden Schwartz.
15:42 of 3rd period - Stopped by Darcy Kuemper with a rebound.
15:58 of 3rd period - Shot by Mikko Rantanen.
15:58 of 3rd period - Shot Misses the Net.
16:00 of 3rd period - Shot by Drew Doughty.
16:00 of 3rd period - Stopped by Laurent Brossoit without a rebound.
16:01 of 3rd period - Bo Horvat wins face-off versus Ivan Barbashev in Jets zone.
16:17 of 3rd period - Shot by Connor Brown.
16:17 of 3rd period - Shot Blocked by Ivan Barbashev.
16:31 of 3rd period - Shot by Connor Brown.
16:31 of 3rd period - Shot Blocked by Calle Jarnkrok.
16:33 of 3rd period - Shot by Connor Brown.
16:33 of 3rd period - Stopped by Darcy Kuemper with a rebound.
16:35 of 3rd period - Shot by Connor Brown.
16:35 of 3rd period - Shot Blocked by Adam Larsson.
16:45 of 3rd period - Shot by Connor Brown.
16:45 of 3rd period - Stopped by Darcy Kuemper with a rebound.
17:35 of 3rd period - Minor Penalty to Ryan Graves for Tripping.
17:36 of 3rd period - Brayden Point wins face-off versus Riley Sheahan in Jets zone.
17:59 of 3rd period - Icing by Brayden Point.
18:00 of 3rd period - Riley Sheahan wins face-off versus Pavel Buchnevich in Capitals zone.
18:00 of 3rd period - Kris Russell is hit by Josh Manson.
18:06 of 3rd period - Shot by Austin Watson.
18:06 of 3rd period - Stopped by Darcy Kuemper without a rebound.
18:07 of 3rd period - Sidney Crosby wins face-off versus Patrice Bergeron in Capitals zone.
18:14 of 3rd period - Shot by Sidney Crosby.
18:14 of 3rd period - Shot Misses the Net.
18:16 of 3rd period - Shot by Mikko Rantanen.
18:16 of 3rd period - Shot Hit the Post.
18:18 of 3rd period - Shot by Drew Doughty.
18:18 of 3rd period - Stopped by Laurent Brossoit with a rebound.
18:34 of 3rd period - Shot by Alex Ovechkin.
18:34 of 3rd period - Shot Misses the Net.
18:36 of 3rd period - Shot by Erik Karlsson.
18:36 of 3rd period - Stopped by Laurent Brossoit without a rebound.
18:37 of 3rd period - Brayden Point wins face-off versus Austin Watson in Jets zone.
18:37 of 3rd period - Brayden Point is hit by Ryan Ellis.
19:36 of 3rd period - Shot by Ivan Barbashev.
19:36 of 3rd period - Shot Misses the Net.
19:47 of 3rd period - Brandon Tanev is hit by Kris Letang and loses puck.
19:50 of 3rd period - Shot by Brandon Tanev.
19:50 of 3rd period - Stopped by Laurent Brossoit without a rebound.
19:51 of 3rd period - Patrice Bergeron wins face-off versus Jay Beagle in Jets zone.
19:53 of 3rd period - Icing by Kris Letang.
19:54 of 3rd period - Jay Beagle wins face-off versus Patrice Bergeron in Jets zone.
19:57 of 3rd period - Shot by Josh Manson.
19:57 of 3rd period - Shot Blocked by Kris Letang.
19:59 of 3rd period - Shot by Jay Beagle.
19:59 of 3rd period - Stopped by Laurent Brossoit without a rebound.
Goals for this period are 4 for Capitals vs 1 for Jets.
Shots for this period are 19 for Capitals vs 11 for Jets.